 Dungeon Crawl Stone Soup version 0.26.1-2-gb8aa6d0cf2 (webtiles) character file.

Game seed: 18227026465443276956

1344 Marvel the Magician (level 8, -5/41 (43) HPs)
             Began as a Deep Elf Ice Elementalist on Feb 13, 2021.
             Was a Follower of Makhleb.
             Slain by a wight
             ... wielding a +0 halberd
              (17 damage)
             ... on level 6 of the Dungeon.
             The game lasted 00:12:12 (8534 turns).

Marvel the Magician (Deep Elf Ice Elementalist)     Turns: 8534, Time: 00:12:12

HP:   -5/41 (43)    AC:  4    Str:  5    XL:     8   Next: 36%
MP:   19/21         EV: 14    Int: 23    God:    Makhleb [*.....]
Gold: 431           SH:  0    Dex: 15    Spells: 15/22 levels left

rFire    . . .     SeeInvis .   s - +4 quarterstaff (chaos)
rCold    . . .     Faith    .   (shield currently unavailable)
rNeg     . . .     Spirit   .   a - +0 robe
rPois    .         Reflect  .   (no helmet)
rElec    .         Harm     .   t - +0 cloak
rCorr    .         Rampage  .   (no gloves)
Will     .....     Rnd*Tele +   B - +0 pair of boots (curse)
Stlth    +++.......             u - amulet of the acrobat
HPRegen  0.13/turn              w - ring of teleportation (curse)
MPRegen  0.17/turn              (no ring)

@: lethally poisoned (-5 -> -6), frozen ramparts, lightly drained
A: no striking features
a: Renounce Religion


You were on level 6 of the Dungeon.
You worshipped Makhleb.
Makhleb was aware of your devotion.
You visited 1 branch of the dungeon, and saw 6 of its levels.

You collected 431 gold pieces.

Inventory:

Hand Weapons
 s - a +4 quarterstaff of chaos (weapon)
Armour
 a - a +0 robe (worn)
 k - a +0 cloak
 t - a +0 cloak (worn)
 B - a cursed +0 pair of boots (worn)
Jewellery
 u - an amulet of the acrobat (around neck)
 w - a cursed ring of teleportation (left hand)
Wands
 o - a wand of flame (13)
 v - a wand of digging (6)
Scrolls
 c - 3 scrolls of fear {unknown}
 d - a scroll of noise {unknown}
 e - 3 scrolls of remove curse {unknown}
 f - a scroll of random uselessness {unknown}
 h - 3 scrolls of identify {unknown}
 l - 6 scrolls of teleportation {unknown}
 m - 2 scrolls of enchant armour {unknown}
 p - a scroll of enchant weapon {unknown}
 x - a scroll of magic mapping {unknown}
 y - a scroll of fog {unknown}
Potions
 b - 3 potions of haste {unknown}
 g - a potion of degeneration {unknown}
 i - 3 potions of curing {unknown}
 j - 2 potions of might {unknown}
 n - 3 potions of flight {unknown}
 r - a potion of magic {unknown}
 z - a potion of mutation {unknown}
 A - a potion of berserk rage {unknown}


   Skills:
 + Level 1.2 Fighting
 + Level 3.7 Staves
 + Level 4.1 Dodging
 + Level 5.4 Stealth
 + Level 0.1 Unarmed Combat
 + Level 7.9 Spellcasting
 + Level 7.5 Ice Magic


You had 15 spell levels left.
You knew the following spells:

 Your Spells              Type           Power        Failure   Level
a - Freeze                Ice            100%         1%          1
b - Frozen Ramparts       Ice            86%          1%          3
c - Ozocubu's Armour      Ice            43%          1%          3

Your spell library contained the following spells:

 Spells                   Type           Power        Failure   Level
 Hailstorm                Conj/Ice       26%          16%         4
 Summon Ice Beast         Ice/Summ       26%          16%         4


Dungeon Overview and Level Annotations

Branches:
Dungeon (6/15)             Temple (0/1) D:4

Altars:
Kikubaaqudgha
Makhleb
Ru
Yredelemnul
The Shining One

Annotations:
D:3 3 runed translucent doors, Marvel's ghost, amateur TrMo; brucemayne's ghost, amateur HOMo; mike2r's ghost, amateur DEIE


Message History

The wight resists.
The wall freezes the wight.
The wight closely misses you.
You barely miss the wight.
The wight is moderately damaged.
The wight resists.
The wall freezes the wight.
The wight barely misses you.
The wight resists.
The wall freezes the wight.
The wight barely misses you.
The wight resists.
The wall freezes the wight.
You closely miss the wight.
The wight is moderately damaged.
The wight resists.
The wall freezes the wight.
The wight misses you.
The wight resists.
The wall freezes the wight.
You hit the wight.
The wight is heavily damaged.
The wight completely resists.
The wall freezes the wight but does no damage.
The wight completely resists.
The wall freezes the wight but does no damage.
The wight hits you but does no damage.
The wight completely resists.
The wall freezes the wight but does no damage.
The wight hits you from afar with a +0 halberd!
You die...

#.....#..........'......#
#.....#.........#########
#.....#.........#.......
#.....#...##....#........
#######...##....#.........
#...............#........#
#...............#........#
#...............#........#
###...##........@#........#
.##...##........zz........######
.................#z.............
..†..............#.............:
.................#..............
.##...##........)#..............
.#######.........#..............
## #.........#........###### .#
#.........+........#


You could see 3 wights.

Vanquished Creatures
  Sigmund (D:2)
  A phantom (D:5)
  2 ogres
  A water moccasin zombie (D:6)
  2 scorpions
  A wight (D:6)
  A howler monkey (D:5)
  4 orc priests
  A hound (D:6)
  Crazy Yiuf (D:2)
  3 orc wizards (D:3)
  2 centaur skeletons
  An iguana (D:5)
  5 worker ants
  3 gnolls (D:3)
  4 adders
  A howler monkey skeleton (D:6)
  A white imp (D:5)
  An ufetubus (D:5)
  2 oozes (D:1)
  An adder skeleton (D:4)
  2 worms
  4 dart slugs
  3 leopard geckos
  13 orcs
  9 giant cockroaches
  4 goblins
  13 hobgoblins
  7 jackals
  3 ball pythons (D:2)
  7 bats
  6 frilled lizards
  10 kobolds
  A quokka skeleton (D:4)
  11 rats
132 creatures vanquished.

Vanquished Creatures (others)
  An adder skeleton (D:4)
  4 withered plants (D:3)
5 creatures vanquished.

Grand Total: 137 creatures vanquished

Notes
Turn   | Place    | Note
-------+----------+-------------------------------------------
     0 | D:1      | Marvel the Deep Elf Ice Elementalist began the quest for
                  | the Orb.
     0 | D:1      | Reached XP level 1. HP: 10/10 MP: 6/6
   223 | D:1      | Reached XP level 2. HP: 10/15 MP: 5/8
  1060 | D:1      | Reached XP level 3. HP: 15/19 MP: 7/10
  1349 | D:1      | Reached skill level 5 in Ice Magic
  1707 | D:2      | Noticed Sigmund
  1730 | D:1      | Learned a level 3 spell: Frozen Ramparts
  1981 | D:2      | Found a runed translucent door.
  1982 | D:2      | Noticed Crazy Yiuf
  2234 | D:2      | Found a faded altar of an unknown god.
  2339 | D:2      | Reached XP level 4. HP: 24/24 MP: 9/12
  3111 | D:2      | Killed Sigmund
  3112 | D:2      | Reached XP level 5. HP: 24/28 MP: 5/15
  3256 | D:2      | You fall into a shaft and drop 1 floor!
  3604 | D:3      | Reached XP level 6. HP: 23/32 MP: 11/17
  4114 | D:3      | Found a runed translucent gate.
  4114 | D:3      | Found a runed translucent gate.
  4115 | D:3      | Noticed brucemayne's ghost (amateur HOMo)
  4115 | D:3      | Noticed mike2r's ghost (amateur DEIE)
  4119 | D:3      | Found a runed translucent gate.
  4121 | D:3      | Noticed Marvel's ghost (amateur TrMo)
  4448 | D:3      | Found an ancient bone altar of Kikubaaqudgha.
  4988 | D:3      | Reached XP level 7. HP: 30/36 MP: 14/19
  5231 | D:2      | Learned a level 3 spell: Ozocubu's Armour
  5419 | D:2      | Killed Crazy Yiuf
  5717 | D:4      | Found a sacrificial altar of Ru.
  5721 | D:4      | Found a burning altar of Makhleb.
  5788 | D:4      | Became a worshipper of Makhleb the Destroyer
  6176 | D:4      | Found a staircase to the Ecumenical Temple.
  6358 | D:4      | Found a glowing golden altar of the Shining One.
  6847 | D:4      | Found a basalt altar of Yredelemnul.
  6850 | D:4      | Noticed a profane servitor
  6858 | D:4      | Noticed an angel
  6887 | D:5      | Entered Level 5 of the Dungeon
  6899 | D:5      | Reached skill level 1 in Staves
  7685 | D:5      | Reached XP level 8. HP: 42/42 MP: 17/21
  7781 | D:5      | Reached skill level 1 in Fighting
  8369 | D:6      | Reached * piety under Makhleb
  8448 | D:6      | Reached skill level 5 in Stealth
  8534 | D:6      | Slain by a wight

Illustrated notes

Levels and vault maps discovered:
D:1:      evilmike_arrival_home_sweet_home, layout_loops_corners,
          minmay_pentomino_v2
D:2:      layout_basic, chequers_ecumenical_altar_simple_redux,
          uniq_crazy_yiuf_cottage, uniq_sigmund
D:3:      layout_loops_ring, old_standard_altar, gammafunk_ghost_cemetery
D:4:      layout_loops_corners, grunt_temple_overflow_holy_war,
          grunt_temple_overflow_open, minmay_temple_entry_tees
D:5:      layout_loops_ring
D:6:      layout_gridville, old_standard_altar

Skill      XL: |  1  2  3  4  5  6  7  8 |
---------------+-------------------------+-----
Spellcasting   | 4 6 7 |  7.9
Ice Magic      | 5 6 7 |  7.5
Stealth        | 3 4 5 |  5.4
Dodging        | 3 4 |  4.1
Staves         | 2 3 |  3.7
Fighting       | 1 |  1.2
Unarmed Combat | |  0.1

Action                   |  1- 3 |  4- 6 |  7- 9 || total
-------------------------+-------+-------+-------++-------
Melee: Unarmed           |    15 |    15 |     3 ||    33
       Quarterstaff      |       |       |   106 ||   106
 Cast: Freeze            |    76 |    63 |     7 ||   146
       Frozen Ramparts   |       |     5 |     8 ||    13
       Ozocubu's Armour  |       |       |     3 ||     3
  Use: Potion            |       |       |     1 ||     1
 Stab: Sleeping          |       |     2 |    12 ||    14
       Paralysed         |       |       |     1 ||     1
Armor: Robe              |    14 |     7 |    18 ||    39
Dodge: Dodged            |    43 |    43 |    78 ||   164
